 Dungeon Crawl Stone Soup version 0.28-a0-664-gc179e30c89 (webtiles) character file.

Game seed: 1716779172697132678

179 bande the Skirmisher (level 5, -6/33 HPs)
             Began as a Gargoyle Fighter on Oct 15, 2021.
             Mangled by an iguana (8 damage)
             ... on level 4 of the Dungeon on Oct 16, 2021.
             The game lasted 00:07:14 (4257 turns).

bande the Skirmisher (Gargoyle Fighter)             Turns: 4257, Time: 00:07:16

Health: -6/33      AC: 15    Str: 21    XL:     5   Next: 59%
Magic:  1/1        EV:  9    Int: 14    God:
Gold:   840        SH:  4    Dex:  9    Spells: 4/4 levels left

rFire   . . .      SeeInvis .   p - +0 war axe (antimagic)
rCold   + . .      Faith    .   c - +0 buckler
rNeg    + . .      Spirit   .   b - +0 scale mail
rPois   ∞          Reflect  .   (no helmet)
rElec   +          Harm     .   w - +0 cloak
rCorr   .          Rampage  .   (no gloves)
Will    .....                   n - +2 pair of boots
Stlth   ..........              (no amulet)
HPRegen 0.11/turn               f - +6 ring of intelligence
MPRegen 0.07/turn               l - ring of protection from cold

@: mighty
A: sickness immunity, AC +4, negative energy resistance 1, electricity
resistance, torment resistance 1, petrification resistance
a: no special abilities


You were on level 4 of the Dungeon.
You visited 1 branch of the dungeon, and saw 4 of its levels.

You collected 840 gold pieces.

Inventory:

Hand Weapons
 a - a +0 war axe
 p - a +0 antimagic war axe (weapon)
 q - a +0 flail
 t - a +0 war axe
Armour
 b - a +0 scale mail (worn)
 c - a +0 buckler (worn)
 n - a +2 pair of boots (worn)
 w - a +0 cloak (worn)
Jewellery
 f - a +6 ring of intelligence (left hand)
 h - a ring of fire
 l - a ring of protection from cold (right hand)
Wands
 m - a wand of iceblast (3)
Scrolls
 k - a scroll of amnesia
 r - a scroll of fear
Potions
 e - a potion of lignification {unknown}
 g - a potion of ambrosia {unknown}
 i - a potion of haste {unknown}
 j - 2 potions of berserk rage {unknown}
 o - a potion of cancellation {unknown}
 s - a potion of mutation {unknown}
 v - a potion of resistance {unknown}


   Skills:
 + Level 4.0 Fighting
 + Level 3.6 Axes
 + Level 4.0 Armour
 + Level 4.0 Shields
 * Level 0.7 Evocations


You had 4 spell levels left.
You didn't know any spells.
Your spell library contained the following spells:

 Spells                   Type           Power      Damage    Failure   Level
 Ensorcelled Hibernation  Hex/Ice        0%         N/A       75%         2
 Inner Flame              Hex/Fire       0%         N/A       92%         3
 Spider Form              Tmut/Pois      0%         N/A       92%         3
 Cause Fear               Hex            0%         N/A       100%        4
 Discord                  Hex            0%         N/A       100%        8


Dungeon Overview and Level Annotations

Branches:
Dungeon (4/15)
 Temple: D:4-7

Altars:

Annotations:
D:4 Sigmund


Innate Abilities, Weirdness & Mutations

You are immune to sickness and miasma.
Your stone body is resilient. (AC +4)
You are immune to poison.
You resist negative energy. (rN+)
You are resistant to electric shocks. (rElec)
You are resistant to unholy torment.
You are immune to petrification.


Message History

The water moccasin skeleton bites you but does no damage.
Sigmund hits you with a +0 scythe.
* * * LOW HITPOINT WARNING * * *
Unknown command.
There is a stone staircase leading down here.
Unknown command.
Sigmund hits you but does no damage.
You're too confused to move!
Sigmund hits you from afar with a +0 scythe.
* * * LOW HITPOINT WARNING * * *
Unknown command.
You bump into the rock wall.
You bump into the rock wall.
You feel less confused. The orc hits you but does no damage.
Sigmund hits you from afar with a +0 scythe.
* * * LOW HITPOINT WARNING * * *
The water moccasin skeleton closely misses you.
You hit the orc.
The orc is severely wounded.
You slash the water moccasin skeleton! The orc closely misses you.
The water moccasin skeleton bites you but does no damage.
The orc hits you but does no damage.
Unknown command.
You barely miss the orc.
The orc is severely wounded.
You completely miss the water moccasin skeleton.
The water moccasin skeleton bites you.
* * * LOW HITPOINT WARNING * * *
You block the orc's attack.
The water moccasin skeleton barely misses you.
The iguana bites you but does no damage.
You slash the orc!
You kill the orc!
You slash the water moccasin skeleton! You closely miss the iguana.
The water moccasin skeleton bites you but does no damage.
Sigmund hits you from afar with a +0 scythe.
* * * LOW HITPOINT WARNING * * *
The iguana bites you!
You die...

#. #....+....'.......
#.########....#....########
........#......#...........
#.....#.#......#.##..#####.
........#......#.#.........
##......#......#.#...#####.
........#.#.##.#.#.........
..#...lZ#......#.#..######.
........#)@..............()
........@ZlZ..>#.########..
##.$.........#.#... +.)
#......#.###.#.# ## #..
#..#.#.#.. .# # ....
####.#.#... .# #.###
>.#.#... .# ... .. #......
### ..###


You could see Sigmund, an iguana, a water moccasin skeleton and a hound
skeleton.

Vanquished Creatures
  3 gnolls
  7 adders
  3 worms (D:2)
  2 dart slugs
  3 orcs
  3 ball pythons
  6 endoplasms
  3 giant cockroaches
  9 goblins
  6 hobgoblins
  2 jackals (D:1)
  6 kobolds
  4 quokkas
  3 bats (D:1)
  5 frilled lizards
  9 rats
74 creatures vanquished.

Notes
Turn   | Place    | Note
-------+----------+-------------------------------------------
     0 | D:1      | bande the Gargoyle Fighter began the quest for the Orb.
     0 | D:1      | Reached XP level 1. HP: 14/14 MP: 1/1
   152 | D:1      | Reached XP level 2. HP: 7/19 MP: 2/2
   968 | D:1      | Reached XP level 3. HP: 20/24 MP: 3/3
  1152 | D:2      | Reached XP level 4. HP: 24/29 MP: 4/4
  2655 | D:3      | Identified a scroll of acquirement
  2655 | D:3      | Acquired 780 gold pieces
  2815 | D:3      | Reached XP level 5. HP: 33/33 MP: 5/5
  4240 | D:4      | Noticed Sigmund
  4257 | D:4      | Mangled by an iguana

Illustrated notes

Levels and vault maps discovered:
D:1:      zaba_arrival_water, layout_loops_ring, hex_large
D:2:      kennysheep_the_goblin_king, layout_basic, minmay_indecisive_spiral
D:3:      layout_basic, hangedman_decor_push, kennysheep_generic_room_9
D:4:      layout_basic, uniq_natasha, uniq_sigmund

Skill      XL: |  1  2  3  4  5 |
---------------+----------------+-----
Axes           | 2 3 |  3.6
Fighting       | 4 |  4.0
Armour         | 4 |  4.0
Shields        | 4 |  4.0
Evocations     | |  0.7

Action                   |  1- 3 |  4- 6 || total
-------------------------+-------+-------++-------
Melee: War axe           |    84 |   143 ||   227
  Use: Scroll            |     2 |     5 ||     7
       Potion            |       |     1 ||     1
Armor: Scale mail        |    53 |   101 ||   154
Dodge: Dodged            |    49 |    74 ||   123
Block: Buckler           |    18 |    34 ||    52

Table legend: (Time is in decaauts)
 A = Elapsed time spent in this place.
 B = Non-inter-level travel time spent in this place.
 C = Inter-level travel time spent in this place.
 D = Time resting spent in this place.
 E = Time spent auto-exploring this place.
 F = Levels seen in this place.
 G = Mean time per level.
                   A        B        C        D        E       F      G
               +--------+--------+--------+--------+--------+-----+--------+
         Total |   4347 |   4109 |    238 |   1083 |   2046 |   4 | 1086.8 |
       Dungeon |   4347 |   4109 |    238 |   1083 |   2046 |   4 | 1086.8 |
               +--------+--------+--------+--------+--------+-----+--------+

Top non-repeatable levels by time:
     D:2: 1616 daAuts
     D:3: 1563 daAuts
     D:1: 1086 daAuts
     D:4: 80 daAuts
